 Dungeon Crawl Stone Soup version 0.23-a0-309-ge7838e6 (webtiles) character file.

56 RoseArtemis the Changer (level 3, 0/27 HPs)
             Began as a Merfolk Transmuter on Oct 11, 2018.
             Slain by a gnoll
             ... wielding a +0 club of chaos
              (18 damage)
             ... on level 2 of the Dungeon.
             The game lasted 00:06:11 (1994 turns).

RoseArtemis the Changer (Merfolk Transmuter)        Turns: 1994, Time: 00:06:12

Health: 0/27       AC:  2    Str: 11    XL:     3   Next: 95%
Magic:  6/6        EV: 13    Int: 12    God:
Gold:   66         SH:  0    Dex: 14    Spells: 3/6 levels left

rFire    . . .     SeeInvis .     - Unarmed
rCold    . . .     Gourm    .   (no shield)
rNeg     . . .     Faith    .   b - +0 robe
rPois    .         Spirit   .   (no helmet)
rElec    .         Reflect  .   (no cloak)
rCorr    .         Harm     .   (no gloves)
MR       .....                  (no boots)
Stlth    +.........             (no amulet)
HPRegen  0.09/turn              (no ring)
MPRegen  0.10/turn              (no ring)

@: appendage (expiring)
A: change form in water, swift swim, stealthy swim, horns 2
a: End Transformation


You were on level 2 of the Dungeon.
You were not hungry.
You had grown temporary horns.
You visited 1 branch of the dungeon, and saw 2 of its levels.

You collected 66 gold pieces.

Inventory:

Missiles
 a - 12 arrows
Armour
 b - a +0 robe (worn)
 n - a +0 chain mail
Jewellery
 k - an uncursed ring of flight {unknown}
Scrolls
 c - a scroll of teleportation {unknown}
 e - a scroll of remove curse {unknown}
 f - 2 scrolls of identify {unknown}
 h - a scroll of random uselessness {unknown}
 i - a scroll of enchant weapon {unknown}
Potions
 g - a potion of mutation {unknown}
 j - a potion of cancellation {unknown}
 l - a potion of haste {unknown}
 o - 2 potions of curing {unknown}
Comestibles
 d - 5 rations
 m - 2 chunks of flesh


   Skills:
 + Level 2.0 Fighting
 - Level 2.6 Dodging
 + Level 3.7 Unarmed Combat
 + Level 2.4 Spellcasting
 * Level 4.0 Transmutations


You had 3 spell levels left.
You knew the following spells:

 Your Spells              Type           Power        Failure   Level  Hunger
a - Beastly Appendage     Tmut           ##....       4%          1    ##.....
b - Sticks to Snakes      Tmut           ##......     8%          2    ###....

Your spell library contained the following spells:

 Spells                   Type           Power        Failure   Level  Hunger
 Spider Form              Tmut/Pois      #.........   34%         3    ####...
 Ice Form                 Ice/Tmut       #.......     75%         4    #####..
 Blade Hands              Tmut           ##........   80%         5    ######.


Dungeon Overview and Level Annotations

Branches:
Dungeon (2/15)

Altars:


Innate Abilities, Weirdness & Mutations

You revert to your normal form in water.
You are very nimble and swift while swimming.
You are very stealthy in the water. (Stealth+)
You have a pair of horns on your head.


Message History

The bat closely misses you. The bat hits you but does no damage.
There is a fountain of sparkling water here.
You see here a hobgoblin corpse.
The bat closely misses you. The rat bites you but does no damage.
You barely miss the rat. Your headbutt misses the rat.
Your punch misses the rat. The bat misses you. The bat hits you.
The rat barely misses you.
You hit the rat.
You kill the rat!
Your transformation is almost over.
The bat closely misses you.
You closely miss the gnoll. You headbutt the gnoll! The bat barely misses you.
The gnoll hits you with a club of chaos.
The gnoll freezes you.
You hit the gnoll. The bat hits you but does no damage.
The gnoll hits you with a club of chaos.
You are electrocuted!
Ouch! That really hurt!
You die...

#.# ##..## .≈# #.....# #.#
########. #.##### #.#
##.#..## ### #.#
#≈≈.#≈####.
#.##########≈..≈......
#..........#.#≈≈.##⌠.
##########.##b?.#...≈
#.##†≈.# #..≈.@.#
###.#g#.$...# #⌠⌠≈§...#.⌠
#⌠≈#.§..≈# #.≈§§§..≈..
##### #≈.%#§.≈##^###
########...# ##..#⌠#..# #.#
.......#...#######..#.###.#
######.......#.# #.#.#


You could see a gnoll and a bat.

Vanquished Creatures
  An adder (D:2)
  An ooze (D:1)
  2 worms (D:2)
  A dart slug (D:2)
  A leopard gecko (D:2)
  5 goblins
  8 hobgoblins
  3 bats (D:1)
  3 frilled lizards
  3 kobolds
  6 rats
34 creatures vanquished.

Notes
Turn   | Place    | Note
-------+----------+-------------------------------------------
     0 | D:1      | RoseArtemis the Merfolk Transmuter began the quest for the
                  | Orb.
     0 | D:1      | Reached XP level 1. HP: 15/15 MP: 3/3
   169 | D:1      | Reached skill level 3 in Transmutations
   212 | D:1      | Reached XP level 2. HP: 21/21 MP: 3/5
   218 | D:1      | Learned a level 2 spell: Sticks to Snakes
   959 | D:1      | Reached XP level 3. HP: 25/26 MP: 4/6
  1950 | D:2      | Reached skill level 4 in Transmutations
  1994 | D:2      | Slain by a gnoll

Vault maps used:
D:1:      scummos_arrival_forest
D:2:      tgw_xom

Skill      XL: |  1  2  3 |
---------------+----------+-----
Transmutations | 3 4 |  4.0
Fighting       | 2 |  2.0
Dodging        | |  2.6
Unarmed Combat | |  3.7
Spellcasting   | |  2.4

Action                   || total
-------------------------++-------
Melee: Unarmed           ||    98
       Headbutt          ||    14
 Cast: Beastly Appendage ||    26
 Stab: Sleeping          ||     2
  Eat: Chunk             ||     4
Armor: Robe              ||    21
Dodge: Dodged            ||    59

Table legend:
 A = Non-vault XP
 B = Vault XP
 C = Vault XP percentage of total XP
 D = Non-vault monster count
 E = Vault monster count
 F = Vault count percentage of total count
                 A         B        C        D         E       F
            +---------+---------+-------+---------+---------+-------
      Total |      77 |       3 |   3.8 |      32 |       2 |   5.9
            +---------+---------+-------+---------+---------+-------
        D:1 |      34 |       0 |   0.0 |      19 |       0 |   0.0
        D:2 |      43 |       3 |   6.5 |      13 |       2 |  13.3
            +---------+---------+-------+---------+---------+-------
